 Dungeon Crawl Stone Soup version 0.28-a0-628-g3c9886e45e (webtiles) character file.

Game seed: 119763315675046672

632 kae the Insei (level 7, -2/58 HPs)
             Began as a Purple Draconian Transmuter on Oct 8, 2021.
             Killed from afar by Blork the orc (9 damage)
             ... with a magic dart
             ... on level 5 of the Dungeon.
             The game lasted 00:04:48 (5539 turns).

kae the Insei (Purple Draconian Transmuter)         Turns: 5539, Time: 00:04:49

Health: -2/58      AC:  2    Str: 18    XL:     7   Next: 24%
Magic:  9/10       EV: 19    Int: 15    God:
Gold:   87         SH:  0    Dex: 17    Spells: 6/10 levels left

rFire   . . .      SeeInvis .     - Unarmed
rCold   . . .      Faith    .   (shield currently unavailable)
rNeg    . . .      Spirit   .   (armour unavailable)
rPois   x          Reflect  .   (helmet currently unavailable)
rElec   .          Harm     .   (cloak currently unavailable)
rCorr   +          Rampage  .   (gloves currently unavailable)
Will    +....                   (boots currently unavailable)
Stlth   ++........              (no amulet)
HPRegen 0.19/turn               j - +6 ring of strength
MPRegen 0.12/turn               k - ring of resist corrosion

@: spider-form (expiring), hasted, very quick
A: venomous fangs, (breathe power), AC +6, tiny, unfitting armour,
(cold-blooded)
a: End Transformation


You were on level 5 of the Dungeon.
You were a venomous arachnid creature.
You visited 1 branch of the dungeon, and saw 5 of its levels.

You collected 107 gold pieces.
You spent 20 gold pieces at shops.

Inventory:

Hand Weapons
 l - a +2 executioner's axe of flaming (melded)
Missiles
 h - a throwing net
Jewellery
 c - an amulet of faith
 i - a ring of protection from fire
 j - a +6 ring of strength (left front leg)
 k - a ring of resist corrosion (right front leg)
Potions
 a - a potion of curing
 b - 2 potions of haste
 d - a potion of magic
 e - a potion of flight
 f - a potion of degeneration
 g - a potion of ambrosia {unknown}
 m - a potion of heal wounds {unknown}
 n - a potion of attraction {unknown}
 o - a potion of lignification {unknown}


   Skills:
 + Level 3.7 Fighting
 - Level 1.7 Dodging
 * Level 6.0 Unarmed Combat
 - Level 2.4 Spellcasting
 + Level 3.9 Transmutations
 - Level 3.0 Poison Magic


You had 6 spell levels left.
You knew the following spells:

 Your Spells              Type           Power      Damage    Failure   Level
a - Beastly Appendage     Tmut           26%        N/A       13%         1
b - Spider Form           Tmut/Pois      6%         N/A       34%         3

Your spell library contained the following spells:

 Spells                   Type           Power      Damage    Failure   Level
 Wereblood                Tmut           13%        N/A       17%         2
 Pain                     Necr           4%         1d4       43%         1
 Ensorcelled Hibernation  Hex/Ice        2%         N/A       54%         2
 Slow                     Hex            1%         N/A       54%         2
 Confusing Touch          Hex            1%         N/A       75%         3
 Ice Form                 Ice/Tmut       7%         N/A       85%         4
 Alistair's Intoxication  Tmut/Pois      8%         N/A       93%         5
 Yara's Violent Unravell  Hex/Tmut       3%         3d4       99%         5
 Agony                    Necr           1%         N/A       100%        5
 Excruciating Wounds      Necr           0%         N/A       100%        5
 Statue Form              Tmut/Erth      4%         N/A       100%        6
 Dragon's Call            Summ           0%         N/A       100%        9


Dungeon Overview and Level Annotations

Branches:
Dungeon (5/15)
 Temple: D:4-7

Altars:
Dithmenos
Fedhas
Sif Muna
Wu Jian

Shops:
D:1 ?   D:3 =

Annotations:
D:5 Blork the orc


Innate Abilities, Weirdness & Mutations

You are a venomous arachnid creature.
You have poisonous fangs.
You are tiny and dextrous.
Your spellcasting is less reliable in this form.
Your armour is entirely melded.
You are incapable of wielding weapons or throwing items.
((You can breathe bolts of dispelling energy.))
((Your rich purple scales are hard. (AC +6)))
You cannot fit into any form of body armour.
((You are cold-blooded and may be slowed by cold attacks.))


Message History

The centaur hits you but does no damage.
The centaur misses you. The scorpion stings you!
You are lethally poisoned!
The scorpion poisons you!
* * * LOW HITPOINT WARNING * * *
You feel extremely sick.
The centaur wields a +0 shortbow.
The centaur shoots an arrow.
The arrow barely misses you.
You feel better.
Blork the orc screams, "I'll cover the dungeon with your blood!"
The scorpion barely misses you.
You aren't carrying any scrolls.
You barely miss the scorpion. The scorpion closely misses you.
You hit the scorpion.
The scorpion is lightly wounded.
Blork the orc screams, "I'm going to kill you!"
The scorpion stings you.
You bite the scorpion!
The scorpion looks as sick as possible!
The scorpion is severely wounded.
You kill the scorpion!
The centaur shoots an arrow.
The arrow hits you!
* * * LOW HITPOINT WARNING * * *
Your Unarmed Combat skill increases to level 6!
You feel yourself speed up.
Blork the orc points at you and mumbles some strange words.
The puff of frost hits you.
* * * LOW HITPOINT WARNING * * *
Blork the orc mumbles some strange words.
Blork the orc seems to speed up.
An adder comes into view.
The centaur shoots an arrow.
The arrow closely misses you.
Found a scroll of identify.
Found a stone staircase leading up.
The centaur looks more healthy.
The adder hisses angrily.
Found 19 stones.
Your transformation is almost over.
Blork the orc casts a spell at you. The magic dart hits you!
You die...

...... .... .....#
........ #....
.....#...#....####.....
...... ..........?.... .
....#####....(##.... ...
...##...##........##...#
..##.....##..........#
>.#...c...###...s<##
..#†#._.#.##o......#
....##.##.c...#.#..#
.....###....S.#.....#
....$.........##......
##...........## ..#...#
###..........# .####.# #
#...)....... .# .#
#.........###


You could see Blork the orc (fast), a centaur and an adder.

Vanquished Creatures
  Menkaure (D:5)
  A gnoll sergeant (D:4)
  2 scorpions (D:5)
  A bullfrog skeleton (D:4)
  A centaur skeleton (D:4)
  2 hounds
  2 hound skeletons (D:4)
  Robin (D:2)
  5 gnolls
  A howler monkey skeleton (D:4)
  4 adders
  2 dart slugs (D:3)
  2 orcs
  4 ball pythons
  6 endoplasms
  5 giant cockroaches
  7 hobgoblins
  3 jackals (D:4)
  4 kobolds
  5 quokkas
  5 bats
  3 frilled lizards
  13 goblins
  7 rats
87 creatures vanquished.

Vanquished Creatures (others)
  A bush (D:4)
1 creature vanquished.

Grand Total: 88 creatures vanquished

Notes
Turn   | Place    | Note
-------+----------+-------------------------------------------
     0 | D:1      | kae the Draconian Transmuter began the quest for the Orb.
     0 | D:1      | Reached XP level 1. HP: 16/16 MP: 3/3
   284 | D:1      | Reached XP level 2. HP: 23/23 MP: 3/5
   420 | D:1      | Found a faded altar of an unknown god.
   869 | D:1      | Found Mouqomy's Magic Scroll Shoppe.
   877 | D:1      | Bought a scroll of identify for 20 gold pieces
  1095 | D:2      | Noticed Robin
  1113 | D:2      | Reached XP level 3. HP: 23/29 MP: 4/6
  1122 | D:2      | Killed Robin
  1138 | D:2      | Learned a level 3 spell: Spider Form
  1415 | D:2      | Found a blossoming altar of Fedhas.
  1575 | D:2      | Reached skill level 4 in Unarmed Combat
  2141 | D:3      | Noticed a necrophage
  2560 | D:3      | Reached XP level 4. HP: 30/34 MP: 5/7
  2651 | D:3      | Found Fyca's Jewellery Shop.
  2714 | D:3      | Found an ornate altar of the Wu Jian Council.
  2715 | D:3      | Found a shimmering blue altar of Sif Muna.
  2859 | D:3      | Reached skill level 1 in Poison Magic
  3501 | D:4      | Noticed a gnoll sergeant
  3719 | D:4      | Reached XP level 5. HP: 27/42 MP: 4/8
  4191 | D:4      | Got the Disquisition on Shifting Calling
  4352 | D:4      | Reached XP level 6. HP: 45/50 MP: 9/9
  4555 | D:4      | Reached skill level 5 in Unarmed Combat
  5003 | D:5      | Entered Level 5 of the Dungeon
  5003 | D:5      | Noticed Menkaure
  5152 | D:5      | Killed Menkaure
  5427 | D:5      | Your scales start taking on a rich purple colour.
  5427 | D:5      | Reached XP level 7. HP: 53/57 MP: 7/10
  5506 | D:5      | Found a shadowy altar of Dithmenos.
  5516 | D:5      | Noticed Blork the orc
  5527 | D:5      | Reached skill level 6 in Unarmed Combat
  5539 | D:5      | Killed from afar by Blork the orc

Illustrated notes

Levels and vault maps discovered:
D:1:      heliophobic_arrival_battle_scene, layout_basic, serial_shops,
          shop_fountains, shapermc_ecumenical_altar_ellora
D:2:      layout_loops_corners, basic_altar, uniq_robin
D:3:      layout_basic, gammafunk_temple_overflow_pools, serial_shops,
          shop_fountains, serial_aquarium, aquarium_bridge_straight
          [aquarium_subvault_bridge, aquarium_subvault_wall,
          aquarium_subvault_bridge, aquarium_subvault_balcony],
          aquarium_bridge_long_separate [aquarium_subvault_window,
          aquarium_subvault_bridge, aquarium_subvault_window,
          aquarium_subvault_balcony, aquarium_subvault_wall,
          aquarium_subvault_bridge], aquarium_window_fake, aquarium_window_fake,
          aquarium_window_3, aquarium_window_fake, aquarium_view_2b,
          aquarium_balcony_3a, aquarium_pool_2
D:4:      layout_rooms, dk_noncrumbling_3, minmay_hedge_maze, minmay_checkerbox
D:5:      layout_rooms, nicolae_dithmenos_through_a_glass_darkly, temple_green,
          nicolae_shop_overcharged_wands, uniq_crazy_yiuf_cottage,
          uniq_blork_the_orc, uniq_menkaure

Skill      XL: |  1  2  3  4  5  6  7 |
---------------+----------------------+-----
Fighting       | 2 3 |  3.7
Unarmed Combat | 4 5 6 |  6.0
Poison Magic   | 1 2 3 |  3.0
Transmutations | 3 |  3.9
Dodging        | |  1.7
Spellcasting   | |  2.4

Action                   |  1- 3 |  4- 6 |  7- 9 || total
-------------------------+-------+-------+-------++-------
Melee: Unarmed           |    96 |   126 |     4 ||   226
       Tailslap          |     7 |    12 |       ||    19
       Headbutt          |     7 |     9 |     1 ||    17
       Punch             |     2 |     1 |       ||     3
       Kick              |     7 |    13 |     1 ||    21
       Executioner's axe |       |     5 |     5 ||    10
 Cast: Beastly Appendage |    25 |    18 |     1 ||    44
       Spider Form       |       |    11 |     1 ||    12
  Use: Scroll            |     7 |     4 |       ||    11
       Potion            |       |       |     2 ||     2
Armor: Skin              |    36 |    29 |     6 ||    71
Dodge: Dodged            |    55 |   105 |    15 ||   175

Table legend: (Time is in decaauts)
 A = Elapsed time spent in this place.
 B = Non-inter-level travel time spent in this place.
 C = Inter-level travel time spent in this place.
 D = Time resting spent in this place.
 E = Time spent auto-exploring this place.
 F = Levels seen in this place.
 G = Mean time per level.
                   A        B        C        D        E       F      G
               +--------+--------+--------+--------+--------+-----+--------+
         Total |   5532 |   5318 |    214 |    703 |   3573 |   5 | 1106.4 |
       Dungeon |   5532 |   5318 |    214 |    703 |   3573 |   5 | 1106.4 |
               +--------+--------+--------+--------+--------+-----+--------+

Top non-repeatable levels by time:
     D:4: 1610 daAuts
     D:2: 1534 daAuts
     D:3: 1229 daAuts
     D:1: 982 daAuts
     D:5: 176 daAuts
